Description

Made to use myself and learn standart PvT opening stalkers into colosus with upgrades chargelots etc. Swap colosus for disruptor if marine tank timing push.

Replay - Eternal Empire LE (113)

Build Order

Get SALT Encoding   

  12  0:01  Probe  
  13  0:13  Probe  
  14  0:17  Pylon  
  14  0:25  Probe  
  15  0:37  Probe  
  15  0:41  Gateway  
  16  0:45  Assimilator  
  16  0:49  Probe (Chrono Boost)  
  17  0:58  Probe (Chrono Boost)  
  17  1:03  Probe (Chrono Boost)  
  19  1:15  Probe  
  20  1:26  Nexus  
  20  1:36  Cybernetics Core  
  20  1:44  Assimilator  
  20  1:45  Probe  
  21  1:53  Pylon  
  21  1:57  Probe  
  22  2:09  Stalker (Chrono Boost)  
  22  2:13  Warp Gate  
  26  2:28  Pylon  
  27  2:32  Sentry  
  31  2:49  Robotics Facility  
  32  2:59  Gateway  
  32  3:03  Stalker  
  38  3:23  Pylon  
  40  3:35  Stalker  
  40  3:40  Robotics Bay  
  42  3:43  Observer  
  46  4:01  Assimilator x2  
  47  4:04  Pylon  
  51  4:24  Colossus (Chrono Boost)  
  51  4:25  Stalker  
  60  4:37  Stalker  
  64  4:49  Extended Thermal Lance  
  66  5:04  Nexus  
  67  5:15  Colossus  
  75  5:28  Stalker x2  
  81  5:45  Twilight Council, Forge x2  
  84  6:05  Stalker  
  86  6:14  Protoss Ground Weapons Level 1 (Chrono Boost)  
  86  6:16  Colossus (Chrono Boost), Protoss Ground Armor Level 1 (Chrono Boost)  
  94  6:19  Stalker  
  94  6:25  Charge  
  98  6:37  Assimilator x2  
  103  7:06  Colossus (Chrono Boost)  
  112  7:13  Stalker  
  119  7:30  Nexus, Templar Archives  
  119  7:38  Gateway x3, Assimilator x2  
  119  7:41  Zealot  
  121  7:44  Gateway  
  121  7:47  Zealot  
  126  8:10  Zealot x2  
  134  8:26  Protoss Ground Weapons Level 2 (Chrono Boost)  
  136  8:27  Protoss Ground Armor Level 2 (Chrono Boost)  
  136  8:29  Immortal  
  141  8:34  Psionic Storm  
  144  8:52  Zealot x6  
  157  9:09  Stargate  
  157  9:14  Gateway x3  
  157  9:15  Immortal  
  161  9:26  Gateway  
  161  9:32  Nexus  
  161  9:46  Stargate  
  161  9:48  Unknown  
  161  9:54  Immortal  
  161  9:56  High Templar x6  
Spawning Tool Build Advisor. Get it on Overwolf

Go to:

Details

  • Created by: Kapriel
  • Published on: Apr 11, 2020
  • Modified on: Apr 11, 2020
  • Patch: 4.11.0
Show
View Real Time Build Order
Export as new Build Order

Comments (0)

There are no comments. Be the first!

Create an account to comment!